 Dungeon Crawl Stone Soup version 0.20.2-3-g29329e0561 (webtiles) character file.

476 Alfie the Shield-Bearer (level 6, 0/53 HPs)
             Began as a Minotaur Fighter on Sept 3, 2020.
             Slain by a rat (1 damage)
             ... summoned by Eustachio
             ... on level 4 of the Dungeon.
             The game lasted 00:06:46 (2380 turns).

Alfie the Shield-Bearer (Minotaur Fighter)          Turns: 2380, Time: 00:06:46

Health: 0/53       AC:  8    Str: 22      XL:     6   Next: 84%
Magic:  5/5        EV:  8    Int:  5      God:
Gold:   204        SH: 10    Dex:  8 (10) Spells: 5/5 levels left

rFire    + . .     SeeInvis .   a - +0 long sword
rCold    x . .     Gourm    .   c - +0 shield
rNeg     . . .     Faith    .   b - +1 scale mail
rPois    .         Spirit   .   (helmet restricted)
rElec    .         Reflect  .   (no cloak)
rCorr    .         Harm     .   (no gloves)
MR       .....                  (no boots)
Stlth    ..........             (no amulet)
Regen    0.2/turn               e - +5 ring of slaying
MPRegen  0.1/turn               f - ring of fire

@: about to teleport, drained
A: retaliatory headbutt, horns 2
a: no special abilities


You were on level 4 of the Dungeon.
You were hungry.

You visited 1 branch of the dungeon, and saw 4 of its levels.

You collected 204 gold pieces.

Inventory:

Hand Weapons
 a - a +0 long sword (weapon)
Armour
 b - a +1 scale mail (worn)
 c - a +0 shield (worn)
Jewellery
 e - a +5 ring of slaying (left hand)
 f - a ring of fire (right hand)
Scrolls
 j - 2 scrolls of identify
 k - a scroll of remove curse
 l - a scroll of fear {unknown}
 p - 2 scrolls of teleportation
Potions
 d - a potion of might
 h - 3 potions of curing {unknown}
 i - 2 potions of heal wounds {unknown}
 m - a potion of degeneration {unknown}
 n - 3 potions of mutation {unknown}
 o - a potion of brilliance {unknown}
 r - a potion of magic {unknown}
Comestibles
 g - 2 meat rations
 q - 4 fruits
 s - a bread ration


   Skills:
 + Level 4.7(4.5) Fighting
 + Level 5.3(5.2) Long Blades
 + Level 5.3(5.2) Armour
 + Level 1.9(1.8) Dodging
 + Level 1.0(0.8) Stealth
 + Level 5.5(5.3) Shields


You had 5 spell levels left.
You didn't know any spells.

Dungeon Overview and Level Annotations

Branches:
Dungeon (4/15)             Temple (0/1) D:4

Altars:
Zin

Annotations:
D:4 Eustachio


Innate Abilities, Weirdness & Mutations

You reflexively headbutt those who attack you in melee.
You have a pair of horns on your head.


Message History

* * * LOW HITPOINT WARNING * * *
The river rat bites you.
* * * LOW HITPOINT WARNING * * *
The rat completely misses you.
As you read the scroll of teleportation, it crumbles to dust.
You feel strangely unstable. You block the white imp's attack.
Eustachio casts a spell.
Eustachio blinks!
You block the river rat's attack. The rat bites you.
* * * LOW HITPOINT WARNING * * *
The white imp gestures at you. The puff of frost hits you!
You feel a terrible chill!
* * * LOW HITPOINT WARNING * * *
Eustachio gestures wildly while chanting.
Found a staircase to the Ecumenical Temple.
You completely miss the butterfly. Your headbutt misses the butterfly.
The white imp disappears in a puff of smoke!
The river rat bites you but does no damage.
Eustachio gestures wildly while chanting.
Eustachio blinks!
The rat bites you.
You die...

### . ..## ..
###.. #. ###...#
#.. .....####
###.> #.......
.....b##r..####
#..@r..)†.#
.......#§5.##.##
...#####5@.##..#
. #...###.# #§..#
#.# ## .#### #.#
##. #..#####.##
##.. ##........#
##..#
######...####..##


You could see Eustachio, a crimson imp, a river rat, an ufetubus and a rat.

Vanquished Creatures
  Sigmund (D:2)
  An orc wizard (D:4)
  An orc priest (D:4)
  A bullfrog skeleton (D:3)
  Terence (D:3)
  An iguana (D:4)
  A hound zombie (D:4)
  A gnoll (D:1)
  3 adders
  An ooze (D:2)
  3 worms (D:3)
  2 dart slugs
  4 leopard geckos
  8 orcs
  15 bats
  6 giant cockroaches
  5 goblins
  8 hobgoblins
  4 kobolds
  2 quokkas
  6 frilled lizards
  A quokka skeleton (D:4)
  26 rats
102 creatures vanquished.

Notes
Turn   | Place    | Note
-------+----------+-------------------------------------------
     0 | D:1      | Alfie the Minotaur Fighter began the quest for the Orb.
     0 | D:1      | Reached XP level 1. HP: 19/19 MP: 0/0
   170 | D:1      | Reached XP level 2. HP: 27/27 MP: 1/1
   253 | D:1      | Reached XP level 3. HP: 31/33 MP: 2/2
   706 | D:2      | Found a faded altar of an unknown god.
   843 | D:2      | Found a glowing silver altar of Zin.
   894 | D:2      | Noticed Sigmund
   900 | D:2      | Killed Sigmund
   900 | D:2      | Reached skill level 1 in Dodging
   900 | D:2      | Reached skill level 5 in Shields
   900 | D:2      | Reached XP level 4. HP: 28/40 MP: 3/3
   900 | D:2      | Reached XP level 5. HP: 33/46 MP: 4/4
  1378 | D:2      | Reached skill level 5 in Armour
  1470 | D:3      | Noticed Terence
  1482 | D:3      | Killed Terence
  1482 | D:3      | Reached XP level 6. HP: 28/52 MP: 5/5
  2093 | D:4      | Reached skill level 1 in Stealth
  2124 | D:4      | Reached skill level 5 in Long Blades
  2326 | D:4      | Noticed Eustachio
  2378 | D:4      | HP: 1/53 [white imp/puff of frost[Eustachio] (6)]
  2379 | D:4      | Found a staircase to the Ecumenical Temple.
  2380 | D:4      | Slain by a rat

Skill      XL: |  1  2  3  4  5  6 |
---------------+-------------------+-----
Armour         | 4 5 |  5.3
Shields        | 4 5 |  5.5
Fighting       | 4 |  4.7
Long Blades    | 4 5 |  5.3
Dodging        | 1 |  1.9
Stealth        | 1 |  1.0

Action                   |  1- 3 |  4- 6 || total
-------------------------+-------+-------++-------
Melee: Long sword        |    64 |   142 ||   206
       Headbutt          |     9 |    26 ||    35
  Use: Scroll            |     4 |     6 ||    10
  Eat: Bread ration      |       |     1 ||     1
Armor: Scale mail        |    39 |    84 ||   123
Dodge: Dodged            |    26 |    69 ||    95
Block: Shield            |    35 |    89 ||   124
       Rpst.: Long sword |    14 |    19 ||    33
